AoeStats
← pain

Arena

509482343Analyzed
4v4 RM · 4d ago on Sep 26, 2026· 51m 15s· 8 players
Game mode
Random Map
Map size
Large (8 player)
Population
200
Speed
Normal
Resources
Standard
Victory
Conquest
Starting age
Dark Age
Ending age
Imperial Age
RankedLock teamsTeams togetherTeam positionsShared explorationLock speedFull tech treeHidden civsTurbo modeCheats
Victory
Defeat
🇺🇸 Saxons · United States
1208
+15
🇵🇪 Inca · Peru
1124
+18
🇲🇽 Hindustanis · Mexico
1122
+18
🇹🇷 Lithuanians · Türkiye
1104
+19
🇧🇭 Bulgarians · Bahrain
1191
-18
🇳🇿 Italians · New Zealand
1174
-18
🇨🇳 Franks · China
1166
-17
🇹🇷 Chinese · Türkiye
1151
-32
MU CHEN
10:44 Feudal Age
14:44 Castle Age
14:45 Double-Bit Axe
23:12 Wheelbarrow
23:53 Loom
24:24 Hand Cart
23:55 Town Watch
27:09 Gold Mining
27:10 Stone Mining
27:16 Stone Mining
30:01 Imperial Age
27:19 Town Watch
27:45 Bow Saw
27:47 Squires
27:32 Arson
27:34 Gambesons
27:56 Ordonnance Companies
28:52 Forging
28:42 Scale Mail Armor
29:08 Ballistics
28:28 Treadmill Crane
29:00 Masonry
28:35 Treadmill Crane
29:16 Ballistics
29:07 Masonry
30:07 Pikeman
30:12 Elite Throwing Axeman
31:13 Conscription
31:53 Gold Shaft Mining
31:55 Town Patrol
31:24 Halberdier
33:23 Iron Casting
34:03 Chemistry
33:08 Siege Engineers
33:21 Chain Mail Armor
35:08 Blast Furnace
34:39 Plate Mail Armor
34:04 Arrowslits
34:15 Murder Holes
35:41 Hoardings
38:26 Fletching
38:36 Padded Archer Armor
pain
10:28 Feudal Age
11:46 Double-Bit Axe
14:42 Padded Archer Armor
15:03 Horse Collar
22:04 Castle Age
20:17 Fletching
22:07 Gold Mining
22:08 Stone Mining
22:47 Crossbowman
23:02 Pikeman
23:44 Squires
26:01 Heavy Plow
27:39 Wheelbarrow
27:49 Leather Archer Armor
28:37 Forging
28:27 Scale Mail Armor
29:50 Hand Cart
29:44 Murder Holes
29:37 Loom
34:32 Imperial Age
33:32 Bow Saw
33:32 Bodkin Arrow
34:14 Iron Casting
33:39 Scale Mail Armor
33:53 Fortified Wall
37:50 Thumb Ring
37:39 Arbalester
39:54 Two-Man Saw
39:23 Bracer
39:54 Ring Archer Armor
39:35 Elite Chu Ko Nu
42:00 Blast Furnace
42:57 Chain Mail Armor
42:48 Scale Barding Armor
43:50 Chemistry
SamTheSlayer
7:55 Loom
13:53 Feudal Age
17:52 Castle Age
15:47 Double-Bit Axe
15:45 Horse Collar
18:02 Stone Mining
19:03 Heavy Plow
26:00 Bow Saw
26:03 Gold Mining
28:00 Town Watch
34:11 Imperial Age
32:24 Wheelbarrow
31:51 Fletching
32:05 Padded Archer Armor
33:40 Leather Archer Armor
33:21 Bodkin Arrow
33:26 Scale Mail Armor
33:36 Forging
33:39 Treadmill Crane
34:26 Forging
34:43 Hand Cart
34:31 Town Patrol
34:25 Arson
34:41 Squires
35:29 Iron Casting
36:05 Chemistry
35:27 Ballistics
34:48 Pikeman
36:12 Chain Mail Armor
36:58 Blast Furnace
36:46 Pirotechnia
43:19 Plate Mail Armor
43:19 Ring Archer Armor
42:50 Bracer
43:17 Bracer
44:14 Crop Rotation
45:21 Conscription
49:46 Thumb Ring
Hunt99x
9:45 Feudal Age
10:18 Double-Bit Axe
10:56 Horse Collar
17:33 Castle Age
15:58 Gold Mining
16:01 Stone Mining
18:14 Forging
18:04 Scale Mail Armor
18:11 Scale Barding Armor
18:02 Loom
17:40 Light Cavalry
19:14 Husbandry
21:14 Chain Barding Armor
22:56 Iron Casting
24:43 Bloodlines
27:35 Heavy Plow
29:18 Bow Saw
29:36 Fletching
29:46 Padded Archer Armor
31:33 Stone Mining
32:45 Wheelbarrow
32:18 Town Watch
33:02 Bodkin Arrow
33:22 Leather Archer Armor
33:06 Stirrups
36:49 Imperial Age
35:25 Ballistics
35:15 Masonry
35:34 Pikeman
36:15 Squires
36:29 Scale Mail Armor
37:28 Chain Mail Armor
38:35 Blast Furnace
38:10 Plate Barding Armor
37:37 Bracer
37:00 Halberdier
38:13 Gambesons
39:03 Conscription
40:16 Plate Mail Armor
41:29 Chemistry
40:59 Architecture
41:54 Hussar
42:55 Thumb Ring
43:54 Crop Rotation
42:48 Elite Konnik
44:00 Cavalier
46:03 Siege Engineers
45:23 Onager
47:14 Bagains
Rey de Copas
10:59 Feudal Age
14:41 Castle Age
12:47 Double-Bit Axe
12:43 Horse Collar
29:34 Imperial Age
27:46 Wheelbarrow
27:19 Heavy Plow
28:04 Forging
28:01 Scale Barding Armor
29:41 Iron Casting
29:58 Chain Barding Armor
30:12 Bloodlines
30:04 Husbandry
30:46 Conscription
29:54 Heavy Camel Rider
32:11 Blast Furnace
31:33 Imperial Camel Rider
42:46 Fletching
42:57 Padded Archer Armor
42:30 Elite Skirmisher
43:17 Thumb Ring
44:53 Chemistry
44:14 Ballistics
43:53 Bodkin Arrow
44:24 Leather Archer Armor
46:04 Bracer
46:34 Ring Archer Armor
Inka_Roca
10:45 Feudal Age
15:19 Castle Age
13:36 Double-Bit Axe
15:31 Wheelbarrow
16:24 Bow Saw
21:10 Hand Cart
29:38 Imperial Age
27:19 Scale Mail Armor
27:29 Forging
27:06 Horse Collar
27:18 Gold Mining
28:06 Fortified Wall
27:46 Loom
29:06 Heavy Plow
29:26 Chain Mail Armor
29:22 Forging
29:32 Elite Skirmisher
30:19 Andean Sling
30:15 Fletching
31:15 Gold Shaft Mining
31:45 Iron Casting
31:42 Plate Mail Armor
31:10 Bodkin Arrow
32:07 Conscription
31:57 Thumb Ring
31:59 Padded Archer Armor
33:01 Ballistics
33:21 Leather Archer Armor
33:08 Bracer
34:12 Blast Furnace
34:10 Crop Rotation
33:50 Squires
33:35 Arson
33:57 Town Watch
34:41 Town Patrol
35:13 Ring Archer Armor
35:50 Chemistry
38:09 Fabric Shields
37:50 Elite Kamayuk
46:16 Stone Mining
DID JAMB
11:25 Feudal Age
11:55 Horse Collar
13:07 Double-Bit Axe
15:37 Castle Age
15:07 Stone Mining
17:02 Loom
17:03 Town Watch
18:06 Bow Saw
19:40 Heavy Plow
22:35 Gold Mining
24:01 Wheelbarrow
24:58 Arson
25:14 Squires
26:17 Gambesons
28:04 Gold Shaft Mining
28:50 Hand Cart
31:44 Imperial Age
29:40 Town Patrol
29:59 Forging
29:49 Scale Mail Armor
32:07 Iron Casting
32:05 Elite Varangian Guard
33:03 Chain Mail Armor
33:23 Crop Rotation
33:59 Two-Man Saw
34:14 Plate Mail Armor
34:49 Chemistry
34:51 Conscription
34:02 Shield Wall
35:03 Conscription
37:49 Pikeman
39:02 Fletching
40:19 Clerical Recruitment
40:33 Elite Hearth Troop
41:14 Bodkin Arrow
41:20 Padded Archer Armor
44:39 Bracer
44:55 Leather Archer Armor
50:35 Halberdier
Jewish MasterMind
10:09 Feudal Age
16:04 Castle Age
15:20 Double-Bit Axe
15:29 Horse Collar
16:46 Loom
17:37 Fervor
17:38 Town Watch
19:59 Scale Mail Armor
21:10 Arson
21:38 Pikeman
26:18 Wheelbarrow
26:07 Bow Saw
26:18 Squires
27:33 Chain Mail Armor
28:49 Heavy Plow
32:09 Imperial Age
30:31 Stone Mining
31:46 Gold Mining
32:23 Treadmill Crane
33:26 Fletching
34:33 Stone Shaft Mining
35:03 Two-Man Saw
33:49 Elite Skirmisher
34:28 Bodkin Arrow
34:48 Town Patrol
34:30 Capped Ram
35:46 Bracer
35:47 Padded Archer Armor
35:59 Thumb Ring
37:20 Tower Shields
37:40 Conscription
37:40 Leather Archer Armor
38:17 Ballistics
38:58 Chemistry
39:50 Ring Archer Armor
39:25 Scale Barding Armor
39:43 Cavalier
40:24 Husbandry
40:34 Bloodlines
40:53 Forging
41:35 Paladin
42:51 Chain Barding Armor
43:07 Iron Casting
43:46 Crop Rotation
44:22 Plate Barding Armor
47:36 Murder Holes
47:52 Masonry
48:25 Hoardings
48:28 Fortified Wall
49:57 Hand Cart
Connection lost

Rejoining the realm…

Still unreachable

The connection could not be restored.

Session expired

The server has moved on; the page needs a fresh start.